 Dungeon Crawl Stone Soup version 0.20-a0-12-g90c15da (webtiles) character file.

159 FrankyJ the Firebug (level 4, -4/33 HPs)
             Began as a Demigod Fire Elementalist on Nov 2, 2016.
             Slain by Terence
             ... wielding a +1 mace of holy wrath
              (6 damage)
             ... on level 2 of the Dungeon on Nov 3, 2016.
             The game lasted 00:16:13 (3445 turns).

FrankyJ the Firebug (Demigod Fire Elementalist)     Turns: 3445, Time: 00:16:15

Health: -4/33      AC:  2    Str: 10 (11) XL:     4   Next: 95%
Magic:  11/11      EV: 13    Int: 20 (21) God:
Gold:   115        SH:  0    Dex: 15 (16) Spells: 1 memorised, 8 levels left

rFire  . . .     SeeInvis .     q - +0 trident
rCold  . . .     Gourm    .     a - +0 robe
rNeg   . . .     Faith    .     (no shield)
rPois  .         Spirit   .     (no helmet)
rElec  .         Reflect  .     (no cloak)
rCorr  +         Harm     .     (no gloves)
MR     .....                    (no boots)
Stlth  ++........               (no amulet)
                                (no ring)
                                d - ring of resist corrosion

@: no status effects
A: high mp 1
a: no special abilities


You were on level 2 of the Dungeon.
You were not hungry.

You visited 1 branch of the dungeon, and saw 3 of its levels.

You collected 115 gold pieces.

Inventory:

Hand Weapons
 e - a +1 mace of draining
 q - a +0 trident (weapon)
Armour
 a - a +0 robe (worn)
Jewellery
 d - a ring of resist corrosion (left hand)
Scrolls
 f - 2 scrolls of teleportation
 i - a scroll of remove curse {unknown}
 j - a scroll of blinking {unknown}
 k - 2 scrolls of identify {unknown}
 l - a scroll of magic mapping {unknown}
 m - a scroll of enchant armour {unknown}
 s - a scroll of enchant weapon {unknown}
Potions
 g - a potion of ambrosia {unknown}
 h - 2 potions of agility {unknown}
 o - 3 potions of flight {unknown}
 r - a potion of resistance {unknown}
Books
 b - a book of Flames

   Spells                             Type                      Level
   a - Flame Tongue                   Conjuration/Fire             1
   b - Throw Flame                    Conjuration/Fire             2
   c - Conjure Flame                  Conjuration/Fire             3
   d - Inner Flame                    Hexes/Fire                   3
   e - Sticky Flame                   Conjuration/Fire             4
   f - Fireball                       Conjuration/Fire             5
Comestibles
 c - 2 bread rations
 n - 4 meat rations


   Skills:
 - Level 2.1 Dodging
 - Level 1.7 Stealth
 * Level 3.1 Spellcasting
 + Level 2.5 Conjurations
 + Level 3.5 Fire Magic


You had 8 spell levels left.
You knew the following spells:

 Your Spells              Type           Power        Failure   Level  Hunger
a - Flame Tongue          Conj/Fire      ###..        4%          1    None


Dungeon Overview and Level Annotations

Branches:
Dungeon (3/15)

Annotations:
D:2 Terence
D:3 1 runed door, Robin


Innate Abilities, Weirdness & Mutations

You have an increased reservoir of magic. (+10% MP)


Message History

You closely miss the goblin. The goblin hits you with a club.
Terence hits you with a mace of holy wrath.
The goblin completely misses you.
Terence hits you with a mace of holy wrath!
You barely miss the goblin. The goblin hits you with a club.
Terence barely misses you.
You barely miss the goblin. The goblin closely misses you.
Terence hits you with a mace of holy wrath.
You hit the goblin.
The goblin is moderately wounded.
The goblin misses you.
Terence hits you with a mace of holy wrath!
* * * LOW HITPOINT WARNING * * *
You barely miss the goblin.
The goblin is moderately wounded.
The goblin barely misses you. Terence completely misses you.
You puncture the goblin!
You kill the goblin!
Terence hits you with a mace of holy wrath.
You die...

#..#........##..#.###
#..#......).......#
#..##......>##.####
#..##.......##.###
.....)......##...#
.......#########.#
.......##### #.#
.......[...# #)#
.......###.# #@#
.......# #.#####@#
.......# #.......#
######## #########
### ..#


You could see Terence.

Vanquished Creatures
  Jessica (D:3)
  5 adders
  An ooze (D:1)
  A dart slug (D:2)
  2 leopard geckos (D:1)
  3 orcs (D:3)
  6 bats
  A giant cockroach (D:3)
  13 goblins
  11 hobgoblins
  6 jackals
  7 kobolds
  A ball python (D:1)
  4 frilled lizards
  14 rats
76 creatures vanquished.

Notes
Turn   | Place    | Note
-------+----------+-------------------------------------------
     0 | D:1      | FrankyJ the Demigod Fire Elementalist began the quest for the Orb.
     0 | D:1      | Reached XP level 1. HP: 14/14 MP: 5/5
    94 | D:1      | Reached skill level 1 in Conjurations
   121 | D:1      | Reached XP level 2. HP: 18/20 MP: 0/7
   728 | D:1      | Reached XP level 3. HP: 26/26 MP: 1/8
  2193 | D:2      | Reached XP level 4. HP: 33/33 MP: 6/10
  2313 | D:2      | Found a sparkling altar of Nemelex Xobeh.
  2552 | D:3      | Noticed Jessica
  2566 | D:3      | Killed Jessica
  2743 | D:3      | Found a runed door.
  3201 | D:3      | Noticed Terence
  3336 | D:3      | Noticed Robin
  3445 | D:2      | Slain by Terence

Vault maps used:
D:1:      minmay_arrival_jagged, minmay_split_cup_large
D:2:      nemelex_lonely_heart_becter
D:3:      uniq_terence, uniq_jessica, uniq_robin, uniq_crazy_yiuf_cottage

Skill      XL: |  1  2  3  4 |
---------------+-------------+-----
Spellcasting   | 2 3 |  3.1
Conjurations   | 1 2 |  2.5
Dodging        | 2 |  2.1
Fire Magic     | 3 |  3.5
Stealth        | |  1.7

Action                   |  1- 3 |  4- 6 || total
-------------------------+-------+-------++-------
Melee: Mace              |    25 |       ||    25
       Trident           |       |    49 ||    49
 Cast: Flame Tongue      |    75 |    34 ||   109
  Use: Scroll            |       |     1 ||     1
       Potion            |       |     1 ||     1
 Stab: Sleeping          |     1 |     2 ||     3
  Eat: Chunk             |     4 |     4 ||     8
Armor: Robe              |    10 |     9 ||    19
Dodge: Dodged            |    37 |    48 ||    85
